 Dungeon Crawl Stone Soup version 0.27.1-34-g3ba077fa99 (webtiles) character file.

Game seed: 10827912151879953270

4141 pkoi the Martial Artist (level 10, -9/70 HPs)
             Began as a Pale Draconian Monk on Jan 17, 2022.
             Was a Priest of Hepliaklqana.
             Mangled by an orc warrior (21 damage)
             ... in a bailey.
             The game lasted 00:15:44 (11692 turns).

pkoi the Martial Artist (Pale Draconian Monk)      Turns: 11692, Time: 00:15:45

Health: -9/70      AC: 15    Str: 14    XL:     10   Next: 7%
Magic:  19/19      EV: 13    Int: 13    God:    Hepliaklqana [***...]
Gold:   215        SH:  0    Dex: 16    Spells: 9/9 levels left

rFire    + . .     SeeInvis .     - Unarmed
rCold    . . .     Faith    .   (no shield)
rNeg     . . .     Spirit   .   (armour unavailable)
rPois    .         Reflect  .   g - +2 hat {Will+}
rElec    .         Harm     .   r - +0 cloak
rCorr    +         Rampage  .   d - +0 pair of gloves of Duet {rF+ MP+9 Dex+2}
Will     +....                  (no boots)
Stlth    ++........             (no amulet)
HPRegen  0.21/turn              h - ring of resist corrosion
MPRegen  0.16/turn              u - +4 ring of protection

@: no status effects
A: reduced essence, breathe steam, AC +7, unfitting armour, cold-blooded, steam
resistance
a: Breathe Steam, Renounce Religion, Recall Ancestor, Ancestor Identity,
Transference


You were in a bailey.
You worshipped Hepliaklqana.
Hepliaklqana was most pleased with you.
You visited 2 branches of the dungeon, and saw 10 of its levels.
You also visited: Bailey.

You collected 270 gold pieces.
You spent 55 gold pieces at shops.

Inventory:

Hand Weapons
 b - a +0 short sword of flaming
 f - a +2 whip of venom
 o - a +0 dagger of venom
Armour
 d - the +0 pair of gloves of Duet (worn) {rF+ MP+9 Dex+2}
   (You acquired it on level 4 of the Dungeon)

   Dex:       It affects your dexterity (+2).
   rF:        It protects you from fire.
   MP:        It affects your magic capacity (+9).
 g - a +2 hat of willpower (worn)
 r - a +0 cloak (worn)
Jewellery
 h - a ring of resist corrosion (left hand)
 u - a +4 ring of protection (right hand)
Wands
 p - a wand of flame (22)
Scrolls
 e - 2 scrolls of identify
 j - a scroll of amnesia
 m - 2 scrolls of enchant armour
 q - a scroll of teleportation
Potions
 a - 8 potions of curing
 c - 3 potions of berserk rage
 i - 3 potions of brilliance
 k - a potion of heal wounds
 l - a potion of ambrosia
 n - a potion of degeneration {unknown}
 s - a potion of haste {unknown}
 t - a potion of cancellation {unknown}


   Skills:
 - Level 4.0 Fighting
 - Level 3.0 Dodging
 - Level 1.7 Stealth
 + Level 13.8 Unarmed Combat
 - Level 3.0 Evocations


You had 9 spell levels left.
You didn't know any spells.
Your spell library was empty.

Dungeon Overview and Level Annotations

Branches:
Dungeon (9/15)             Temple (1/1) D:6          Bailey (1/1)
   Lair: D:8-11         Orc: D:9-12

Altars:
Ashenzari
Cheibriados
Dithmenos
Elyvilon
Fedhas
Gozag
Hepliaklqana
Kikubaaqudgha
Makhleb
Nemelex Xobeh
Okawaru
Qazlal
Ru
Sif Muna
Trog
Uskayaw
Vehumet
Wu Jian
Xom
Yredelemnul
Zin
The Shining One

Shops:
D:4 *   D:6 **[(


Innate Abilities, Weirdness & Mutations

Your life essence is reduced to manifest your ancestor. (-10% HP)
You can breathe blasts of scalding, opaque steam.
Your pale cyan-grey scales are hard. (AC +7)
You cannot fit into any form of body armour.
You are cold-blooded and may be slowed by cold attacks.
You are immune to the effects of steam.


Message History

Anything else - Cancel.
Gang up on whom?
Press: ? - help, Dir - move target, f/p - orc knight
Aim: an orc knight, wielding a +0 trident and wearing a +0 scale mail (steam, moderately wounded) Attack!
The orc warrior closely misses you.
The orc warrior hits you from afar with a +0 spear.
The orc warrior completely misses you.
Tal hits the orc knight with a +0 flail.
The orc knight roars a battlecry!
You have got your breath back.
The orc warrior hits you from afar with a +0 spear.
The orc knight hits Tal with a +0 trident!
Tal barely misses the orc knight.
Things that are here:
a +0 glaive; a +0 chain mail The orc warrior no longer looks unusually strong.
The orc warrior hits you from afar with a +0 spear!
The orc knight roars a battlecry!
The orc warriors go into a battle-frenzy!
The orc warrior hits you but does no damage.
Things that are here:
a +0 glaive; a +0 chain mail You closely miss the orc warrior.
You punch the orc warrior!
The orc warrior is heavily wounded.
The orc warrior hits you with a +0 spear.
* * * LOW HITPOINT WARNING * * *
You hit the orc warrior but do no damage.
The orc warrior is heavily wounded.
The orc warrior hits you with a +0 spear!
* * * LOW HITPOINT WARNING * * *
The orc knight barely misses Tal.
Tal closely misses the orc knight.
Unknown command.
You hit the orc warrior but do no damage.
The orc warrior is heavily wounded.
Unknown command.
The orc warrior hits you from afar with a +0 spear!
* * * LOW HITPOINT WARNING * * *
The orc warrior hits you from afar with a +0 spear!!
You die...

#### ##∩## #####
....##...##.....
≈≈≈..#...#..≈≈≈.
≈o≈≈.......≈≈o≈≈
.oo≈.....).Roo.≈
≈o≈≈.....R.≈≈o≈≈
≈≈≈..#.)o#..≈≈≈.
... #.∩.# .....
# ##@## #### ###


You could see the friendly Tal the knight and an orc warrior (strong, ally
target).

Vanquished Creatures
  Sigmund (D:4)
  A shadow (D:6)
  3 yaks
  Edmund (D:3)
  A water moccasin (D:8)
  2 ogres
  A phantom (D:5)
  A bullfrog (D:8)
  A gnoll sergeant (D:7)
  A wyvern zombie (D:7)
  3 scorpions
  A water moccasin skeleton (D:5)
  8 killer bees
  3 howler monkeys
  2 hounds
  2 jellies
  A centaur skeleton (D:5)
  A bullfrog skeleton (D:4)
  3 iguanas
  3 orc wizards
  Natasha (thrice) (D:3)
  Robin (D:3)
  6 gnolls
  12 adders
  3 white imps
  A worm (D:2)
  3 dart slugs
  23 orcs
  6 bats
  10 endoplasms
  4 giant cockroaches
  17 goblins
  8 hobgoblins
  6 jackals (D:3)
  3 quokkas
  3 ball pythons
  3 frilled lizards
  6 kobolds
  3 rats
161 creatures vanquished.

Vanquished Creatures (collateral kills)
  A two-headed ogre (D:9)
  A steam dragon (D:8)
  3 orc warriors
  An ogre (D:6)
  A wyvern skeleton (D:7)
  A killer bee (D:8)
  A hound (D:6)
  An orc priest (D:9)
  A howler monkey zombie (D:6)
  2 gnolls (D:7)
  A shadow imp (D:6)
  2 orcs
  4 goblins (D:9)
20 creatures vanquished.

Vanquished Creatures (others)
  A plant (D:3)
1 creature vanquished.

Grand Total: 182 creatures vanquished

Notes
Turn   | Place    | Note
-------+----------+-------------------------------------------
     0 | D:1      | pkoi the Draconian Monk began the quest for the Orb.
     0 | D:1      | Reached XP level 1. HP: 19/19 MP: 1/1
   168 | D:1      | Reached XP level 2. HP: 17/26 MP: 2/2
   402 | D:1      | Reached skill level 4 in Unarmed Combat
   460 | D:1      | Found a faded altar of an unknown god.
   662 | D:1      | Reached XP level 3. HP: 26/31 MP: 3/3
  1922 | D:2      | Reached skill level 5 in Unarmed Combat
  1922 | D:2      | Reached XP level 4. HP: 22/38 MP: 4/4
  3391 | D:3      | Reached XP level 5. HP: 44/45 MP: 5/5
  3602 | D:3      | Reached skill level 6 in Unarmed Combat
  4285 | D:3      | Noticed Robin
  4506 | D:3      | Killed Robin
  5315 | D:4      | Noticed Edmund
  5650 | D:3      | Killed Edmund
  5651 | D:3      | Reached skill level 7 in Unarmed Combat
  5651 | D:3      | Reached XP level 6. HP: 17/51 MP: 6/6
  5907 | D:4      | Noticed Natasha
  5924 | D:3      | Killed Natasha
  5929 | D:3      | Noticed Natasha
  5935 | D:3      | Killed Natasha
  6021 | D:3      | Noticed Natasha
  6031 | D:3      | Killed Natasha
  6051 | D:4      | Found Guuxkeipn's General Store.
  6217 | D:4      | Reached skill level 8 in Unarmed Combat
  6217 | D:4      | Your scales start taking on a pale cyan-grey colour.
  6217 | D:4      | Reached XP level 7. HP: 54/57 MP: 7/7
  6217 | D:4      | Gained mutation: You are immune to the effects of steam.
                  | [Pale Draconian growth]
  6242 | D:4      | Identified a scroll of acquirement
  6242 | D:4      | Acquired the +0 pair of gloves of Duet {rF+ MP+9 Dex+2}
  6254 | D:4      | Noticed Sigmund
  6269 | D:4      | Killed Sigmund
  6283 | D:4      | Acquired a +1 hat of willpower
  6534 | D:4      | Reached skill level 9 in Unarmed Combat
  7087 | D:5      | Entered Level 5 of the Dungeon
  7427 | D:5      | Reached XP level 8. HP: 49/66 MP: 8/8
  7841 | D:5      | Found a radiant altar of Vehumet.
  7926 | D:6      | Found Nomiocse's Antique Armour Emporium.
  7941 | D:5      | Reached skill level 10 in Unarmed Combat
  8017 | D:6      | Reached skill level 1 in Evocations
  8452 | D:6      | Reached skill level 11 in Unarmed Combat
  8485 | D:6      | Found a staircase to the Ecumenical Temple.
  8533 | Temple   | Entered the Ecumenical Temple
  8539 | Temple   | Became a worshipper of Hepliaklqana the Forgotten
  8539 | Temple   | Reached * piety under Hepliaklqana
  8539 | Temple   | Reached ** piety under Hepliaklqana
  8690 | D:6      | Remembered your ancestor Tal as a knight
  8700 | D:6      | Found Zaipim's Antique Weapon Shop.
  8859 | D:6      | Found Puiwiow's Assorted Antiques.
  8935 | D:6      | Reached XP level 9. HP: 63/63 MP: 9/9
  8973 | D:6      | Found Cuhyar's General Store.
  8986 | D:6      | Bought a potion of heal wounds for 55 gold pieces
  9626 | D:6      | Reached skill level 12 in Unarmed Combat
  9626 | D:6      | HP: 3/63 [poisoned by a killer bee]
 10234 | D:7      | Reached *** piety under Hepliaklqana
 11287 | D:8      | Found a sparkling altar of Nemelex Xobeh.
 11288 | D:8      | Found a glowing silver altar of Zin.
 11288 | D:8      | Found a basalt altar of Yredelemnul.
 11296 | D:8      | Found an opulent altar of Gozag.
 11299 | D:8      | Found a sacrificial altar of Ru.
 11392 | D:9      | Reached skill level 13 in Unarmed Combat
 11402 | D:9      | Noticed a two-headed ogre
 11404 | D:9      | Found a flagged portal.
 11413 | D:9      | Killed a two-headed ogre
 11414 | D:9      | Reached XP level 10. HP: 25/70 MP: 10/10
 11627 | Bailey   | Entered a bailey
 11627 | Bailey   | Noticed an orc knight
 11633 | Bailey   | Noticed an orc knight
 11692 | Bailey   | Mangled by an orc warrior

Illustrated notes

Levels and vault maps discovered:
D:1:      pf_arrival_petrified_forest, layout_rooms,
          hellmonk_ecumenical_altar_zigzags
D:2:      layout_loops_corners
D:3:      layout_basic, serial_forest, infiniplex_forest_fountain,
          infiniplex_forest_lined_3, infiniplex_forest_clump_tiny,
          infiniplex_forest_lined_3_way, infiniplex_forest_corner_1,
          infiniplex_forest_clump_double, infiniplex_forest_lined_corner,
          infiniplex_forest_corner_1, uniq_robin
D:4:      layout_rooms, serial_shops, nicolae_stop_n_shop_1, minivault_14,
          nicolae_underground_beach, uniq_sigmund, uniq_edmund, uniq_natasha
D:5:      layout_basic, vehumet_crystals
D:6:      layout_loops_ring, minmay_temple_entry_drinking_statues, serial_shops,
          shop, shop, nicolae_stop_n_shop_2, nicolae_stop_n_shop_1
D:7:      layout_gridville
D:8:      layout_basic, minmay_overflow_temple_star_hex, amethyst_killhole
D:9:      layout_roguey, enter_bailey_3, serial_shops, kennysheep_mini_moat,
          blue_anna_alchemist
Temple:   eino_temple_rhombus
Bailey:   bailey_polearm_4, bailey

Skill      XL: |  1  2  3  4  5  6  7  8  9 |
---------------+----------------------------+-----
Unarmed Combat | 4 5 7 8 9 11 13 | 13.8
Dodging        | 3 |  3.0
Fighting       | 4 |  4.0
Evocations     | 3 |  3.0
Stealth        | |  1.7

Action                   |  1- 3 |  4- 6 |  7- 9 | 10-12 || total
-------------------------+-------+-------+-------+-------++-------
Melee: Unarmed           |   114 |     9 |   202 |     8 ||   333
       Tailslap          |    13 |    26 |    33 |     1 ||    73
       Whip              |    32 |   201 |       |       ||   233
       Punch             |     3 |     6 |     8 |       ||    17
Invok: Ancestor Life: Kn |       |       |     1 |       ||     1
       Ancestor Identity |       |       |     1 |       ||     1
       Recall Ancestor   |       |       |     3 |       ||     3
 Abil: Breathe Steam     |       |       |    14 |     1 ||    15
  Use: Scroll            |       |       |    13 |       ||    13
       Potion            |       |       |     4 |       ||     4
 Stab: Sleeping          |     3 |     1 |     1 |       ||     5
       Distracted        |     1 |       |       |       ||     1
Armor: Skin              |    44 |    90 |    82 |     1 ||   217
Dodge: Dodged            |    87 |   137 |   167 |     5 ||   396
